 Dungeon Crawl Stone Soup version 0.27-a0-412-g8dd771eca2 (webtiles) character file.

Game seed: 17943620199511262535

2957 Froggeryz the Martial Artist (level 9, -4/96 HPs)
             Began as a Demonspawn Monk on Feb 24, 2021.
             Was a Believer of Ru.
             Slain by a killer bee (6 damage)
             ... on level 7 of the Dungeon.
             The game lasted 00:11:41 (9488 turns).

Froggeryz the Martial Artist (Demonspawn Monk)      Turns: 9488, Time: 00:11:43

Health: -4/96      AC: 24    Str: 15    XL:     9   Next: 52%
Magic:  9/9        EV:  2    Int: 11    God:    Ru [**....]
Gold:   362        SH:  5    Dex: 16    Spells: 8/8 levels left

rFire    + . .     SeeInvis .     - Unarmed
rCold    + . .     Faith    .   (no shield)
rNeg     + + +     Spirit   .   (armour currently unavailable)
rPois    +         Reflect  +   (helmet unavailable)
rElec    +         Harm     .   (cloak currently unavailable)
rCorr    +         Rampage  .   (gloves currently unavailable)
Will     .....     NoTele   +   (boots currently unavailable)
Stlth    ++........             q - amulet of reflection
HPRegen  0.26/turn              s - ring of positive energy
MPRegen  0.11/turn              (no ring)

@: lethally poisoned (-4 -> -4), tree-form, resistant
A: hated by all, reduced EV 1
a: Renounce Religion


You were on level 7 of the Dungeon.
You worshipped Ru.
Ru was pleased with you.
You were a tree.
You visited 2 branches of the dungeon, and saw 8 of its levels.

You collected 362 gold pieces.

Inventory:

Armour
 u - a +0 scale mail (melded)
 v - a +0 pair of gloves (melded)
 x - a +1 cloak (melded)
Jewellery
 h - a ring of see invisible {unknown}
 q - an amulet of reflection (around neck)
 s - a ring of positive energy (left branch)
Wands
 e - a wand of flame (11)
 o - a wand of polymorph (13)
 p - a wand of acid (1)
 t - a wand of random effects (29)
Scrolls
 f - a scroll of immolation
 i - 2 scrolls of enchant armour
 j - 2 scrolls of teleportation
 l - 3 scrolls of enchant weapon
 n - a scroll of fog
 y - a scroll of amnesia
Potions
 a - a potion of might {unknown}
 b - a potion of magic
 c - a potion of lignification
 d - a potion of degeneration {unknown}
 g - a potion of resistance
 m - a potion of attraction {unknown}
 r - 3 potions of mutation


   Skills:
 + Level 3.3 Fighting
 - Level 2.1 Armour
 - Level 2.6 Dodging
 - Level 1.7 Stealth
 * Level 11.9 Unarmed Combat


You had 8 spell levels left.
You didn't know any spells.
Your spell library was empty.

Dungeon Overview and Level Annotations

Branches:
Dungeon (7/15)             Temple (1/1) D:6

Altars:
Ashenzari
Cheibriados
Dithmenos
Elyvilon
Fedhas
Gozag
Hepliaklqana
Kikubaaqudgha
Makhleb
Nemelex Xobeh
Okawaru
Qazlal
Ru
Sif Muna
Trog
Uskayaw
Vehumet
Wu Jian
Xom
Yredelemnul
Zin
The Shining One


Innate Abilities, Weirdness & Mutations

((You have a pair of large horns on your head.))
((You are mostly covered in iridescent scales. (AC +4)))
You are hated by all.
You have somewhat slow reflexes. (EV -5)


Message History

Your +0 scale mail melds into your body.
Your roots penetrate the ground.
You feel sick.
Okay, then.
You feel sick.
You feel sick.
You feel sick.
You feel sick.
You feel sick.
You feel sick.
You feel sick.
You feel sick.
You feel sick.
You feel sick.
You feel sick.
You feel sick.
You feel sick.
You feel sick.
The killer bee buzzes angrily.
You feel sick.
Okay, then.
Okay, then.
You feel protected.
The killer bee buzzes angrily. x2
You pummel the killer bee!!
You kill the killer bee!
You feel sick.
You smack the killer bee!
The killer bee is almost dead.
The killer bee stings you.
* * * LOW HITPOINT WARNING * * *
You focus your inner power and blind the killer bee in retribution!
You closely miss the killer bee.
The killer bee stings you but does no damage.
The killer bee buzzes angrily.
You smack the killer bee!
You kill the killer bee!
You feel sick.
The killer bee stings you but does no damage.
The killer bee stings you.
You die...

.........###........
#.......#####.......
#.....#...###......
......#......y.....
.#..###........##.#
#..............####
..........)....(....
...####.†y.....#....
#..♣y..........
............#......
...##......####....
. ##.##..# .... ...
##..# ... #.. #....
.. ... .... ##..
#..#


You could see 3 killer bees.

Vanquished Creatures
  Sigmund (D:5)
  Duvessa (D:7)
  A water moccasin (D:5)
  A sky beast (D:5)
  An orc warrior (D:7)
  An ogre (D:5)
  2 ice beasts
  2 centaurs
  2 phantoms (D:4)
  A kobold brigand (D:7)
  Blork the orc (D:4)
  Dowan (D:7)
  2 scorpions
  7 killer bees
  10 wights
  2 howler monkeys
  A bullfrog zombie (D:6)
  3 hounds
  2 jellies
  Crazy Yiuf (D:4)
  3 iguanas
  A bullfrog skeleton (D:5)
  An orc wizard (D:5)
  7 worker ants
  A hound skeleton (D:3)
  A hound zombie (D:7)
  2 worker ant zombies (D:5)
  6 adders
  A shadow imp (D:7)
  A white imp (D:7)
  2 ufetubi
  3 adder skeletons
  2 worms
  2 dart slugs
  4 leopard geckos
  14 orcs
  5 bats
  5 giant cockroaches
  5 goblins
  10 hobgoblins
  17 jackals
  3 quokkas
  2 ball pythons
  8 frilled lizards
  10 kobolds
  6 rats
  A spectral orc (D:4)
166 creatures vanquished.

Vanquished Creatures (others)
  A wizard (D:7)
  An iguana (D:7)
  A fungus (D:4)
3 creatures vanquished.

Grand Total: 169 creatures vanquished

Notes
Turn   | Place    | Note
-------+----------+-------------------------------------------
     0 | D:1      | Froggeryz the Demonspawn Monk began the quest for the Orb.
     0 | D:1      | Reached XP level 1. HP: 18/18 MP: 1/1
    54 | D:1      | Reached skill level 3 in Unarmed Combat
   265 | D:1      | Gained mutation: You are partially covered in iridescent
                  | scales. (AC +2) [demonic ancestry]
   265 | D:1      | Reached XP level 2. HP: 24/24 MP: 2/2
   778 | D:1      | Reached XP level 3. HP: 29/29 MP: 3/3
  1282 | D:2      | Reached skill level 4 in Unarmed Combat
  1384 | D:2      | Found a blossoming altar of Fedhas.
  1768 | D:2      | Gained mutation: You have a pair of small horns on your
                  | head. [demonic ancestry]
  1768 | D:2      | Reached XP level 4. HP: 31/35 MP: 4/4
  2046 | D:3      | Reached skill level 5 in Unarmed Combat
  2064 | D:3      | Reached XP level 5. HP: 22/41 MP: 5/5
  2313 | D:3      | Reached skill level 6 in Unarmed Combat
  2626 | D:3      | Noticed a centaur
  2638 | D:3      | Killed a centaur
  2639 | D:3      | Gained mutation: You have a pair of horns on your head.
                  | [demonic ancestry]
  2639 | D:3      | Reached XP level 6. HP: 19/47 MP: 6/6
  2893 | D:3      | Found a glowing silver altar of Zin.
  2893 | D:3      | Found an opulent altar of Gozag.
  3322 | D:4      | Noticed Blork the orc
  3407 | D:4      | Killed Blork the orc
  3408 | D:4      | Reached skill level 7 in Unarmed Combat
  3526 | D:4      | Gained mutation: You have a pair of large horns on your
                  | head. [demonic ancestry]
  3526 | D:4      | Reached XP level 7. HP: 47/52 MP: 7/7
  3602 | D:4      | Found a basalt altar of Yredelemnul.
  3632 | D:4      | You fall into a shaft and drop 2 floors!
  3998 | D:6      | Found a staircase to the Ecumenical Temple.
  4022 | D:6      | Reached skill level 8 in Unarmed Combat
  4032 | Temple   | Entered the Ecumenical Temple
  4329 | Temple   | Became a worshipper of Ru the Awakened
  4343 | Temple   | Gained mutation: You have somewhat slow reflexes. (EV -5)
                  | [Ru sacrifice]
  4343 | Temple   | Reached * piety under Ru
  4608 | D:5      | Entered Level 5 of the Dungeon
  4612 | D:5      | Noticed Sigmund
  4688 | D:5      | Killed Sigmund
  4689 | D:5      | Reached skill level 9 in Unarmed Combat
  4689 | D:5      | Reached XP level 8. HP: 41/58 MP: 8/8
  5313 | D:4      | Reached skill level 10 in Unarmed Combat
  5856 | D:4      | Found a runed translucent door.
  5857 | D:4      | Noticed Crazy Yiuf
  5915 | D:4      | Found a basalt altar of Yredelemnul.
  6252 | D:4      | Found a shimmering altar of Xom.
  6553 | D:4      | Killed Crazy Yiuf
  6728 | D:5      | Reached skill level 11 in Unarmed Combat
  6728 | D:5      | Gained mutation: You are mostly covered in iridescent
                  | scales. (AC +4) [demonic ancestry]
  6728 | D:5      | Reached XP level 9. HP: 57/63 MP: 9/9
  7324 | D:6      | Gained mutation: You are hated by all. [Ru sacrifice]
  7324 | D:6      | Reached ** piety under Ru
  7872 | D:6      | HP: 3/63 [killer bee (8)]
  8176 | D:6      | Reached skill level 1 in Armour
  8805 | D:7      | Noticed Duvessa
  8816 | D:7      | Killed Duvessa
  8849 | D:7      | Found a bloodstained altar of Trog.
  8850 | D:7      | Noticed a wizard
  8856 | D:7      | Killed a wizard
  9081 | D:7      | Found an ornate altar of the Wu Jian Council.
  9221 | D:7      | Noticed Dowan
  9238 | D:7      | Killed Dowan
  9486 | D:7      | HP: 3/96 [killer bee (3)]
  9488 | D:7      | Slain by a killer bee

Illustrated notes

Levels and vault maps discovered:
D:1:      amcnicky_arrival_blooded_trapdoor, layout_basic
D:2:      layout_basic, fedhas_altar_1, eino_curves_02, minmay_distorted
D:3:      layout_rooms, grunt_temple_overflow_gold_and_silver,
          chequers_serial_rivers_large_b
D:4:      layout_loops_ring, yredelemnul_forgotten_temple_becter, tgw_xom,
          yredelemnul_altar_generic, uniq_crazy_yiuf_cottage, uniq_blork_the_orc
D:5:      layout_loops_ring, uniq_sigmund
D:6:      layout_basic, temple_fountains, dk_vineyard_1, hangedman_decor_growths
D:7:      layout_cave_pools, lemuel_coloured_pillars_altar, corner_web_ring,
          trog_wizard, uniq_duvessa
Temple:   nicolae_temple_elliptical

Skill      XL: |  1  2  3  4  5  6  7  8  9 |
---------------+----------------------------+-----
Unarmed Combat | 3 4 5 6 7 9 11 | 11.9
Armour         | 2 |  2.1
Fighting       | |  3.3
Dodging        | |  2.6
Stealth        | |  1.7

Action                   |  1- 3 |  4- 6 |  7- 9 || total
-------------------------+-------+-------+-------++-------
Melee: Unarmed           |   178 |   118 |   354 ||   650
       Punch             |     4 |     3 |    13 ||    20
       Headbutt          |       |    23 |    52 ||    75
Invok: Sacrifice Health  |       |       |     1 ||     1
       Sacrifice Love    |       |       |     1 ||     1
Evoke: Wand              |       |     3 |     5 ||     8
  Use: Scroll            |       |       |    12 ||    12
       Potion            |       |       |    10 ||    10
 Stab: Sleeping          |     2 |     1 |       ||     3
       Confused          |       |       |     1 ||     1
       Invisible         |       |       |     2 ||     2
Armor: Robe              |     1 |       |       ||     1
       Ring mail         |    77 |    44 |    36 ||   157
       Scale mail        |       |       |   110 ||   110
       Skin              |       |       |     6 ||     6
Dodge: Dodged            |    99 |    75 |    84 ||   258
Block: Other             |       |       |    55 ||    55
       Reflection        |       |       |     4 ||     4

Table legend: (Time is in decaauts)
 A = Elapsed time spent in this place.
 B = Non-inter-level travel time spent in this place.
 C = Inter-level travel time spent in this place.
 D = Time resting spent in this place.
 E = Time spent auto-exploring this place.
 F = Levels seen in this place.
 G = Mean time per level.
                   A        B        C        D        E       F      G
               +--------+--------+--------+--------+--------+-----+--------+
         Total |   9417 |   9200 |    217 |   2640 |   5253 |   8 | 1177.1 |
       Dungeon |   9104 |   8899 |    205 |   2640 |   4967 |   7 | 1300.6 |
        Temple |    312 |    300 |     12 |      0 |    286 |   1 |  312.0 |
               +--------+--------+--------+--------+--------+-----+--------+

Top non-repeatable levels by time:
     D:6: 1883 daAuts
     D:4: 1610 daAuts
     D:3: 1326 daAuts
     D:5: 1200 daAuts
     D:1: 1141 daAuts
     D:7: 1006 daAuts
     D:2: 935 daAuts
  Temple: 312 daAuts
